| TOP OF THE 1ST |
|
Toledo Mud Hens batting - Pitching for Durham Bulls : RHP Ken Vandercook
|
|
Pitching: RHP Ken Vandercook
|
|
|
Batting: RHB J.J. Basil
|
0-0: Ball 1-0: Ground out 6-3 (Groundball, 6D, EV 106.9 MPH)
|
|
Batting: SHB Adam Weber
|
0-0: Ball 1-0: Ball 2-0: Called Strike 2-1: Called Strike 2-2: Fly out, F7 (Flyball, 7LM, EV 96.9 MPH)
|
|
Batting: LHB Andy Schumacher
|
0-0: Swinging Strike 0-1: Ball 1-1: Ball 2-1: Ball 3-1: Base on Balls
|
|
Batting: LHB Bill Ford
|
0-0: Called Strike 0-1: Swinging Strike 0-2: Foul Ball, location: 2F 0-2: Fly out, F6 (Popup, 6M, EV 55.0 MPH)
|
| Top of the 1st over - 0 runs, 0 hits, 0 errors, 1 left on base; Toledo 0 - Durham 0 |
| BOTTOM OF THE 1ST |
|
Durham Bulls batting - Pitching for Toledo Mud Hens : RHP Mario Napoles
|
|
Pitching: RHP Mario Napoles
|
|
|
Batting: LHB Jake Rheaume
|
0-0: Ball 1-0: Foul Ball, location: 2F 1-1: Ball 2-1: Bunt for hit to 2L - play at first, batter OUT! 2-3
|
|
Batting: RHB Paul Landes
|
0-0: Called Strike 0-1: Ball 1-1: Ball 2-1: SINGLE (Groundball, 5D, EV 103.8 MPH)
|
|
Batting: LHB Davion Lewis
|
0-0: Ball 1-0: Swinging Strike 1-1: Foul Ball, location: 2F 1-2: Strikes out swinging
|
|
Batting: LHB Mario Ocana
|
0-0: Foul Ball, location: 2F 0-1: Swinging Strike 0-2: Ball 1-2: Ball 2-2: Ball 3-2: Base on Balls Paul Landes to second
|
|
Batting: SHB Jose Vargas
|
0-0: Ball 1-0: Foul Ball, location: 2F 1-1: Called Strike 1-2: DOUBLE (Line Drive, 9LD, EV 106.2 MPH) Paul Landes scores Mario Ocana to third Runner from 3rd tries for Home, SAFE, no throw by RF
|
|
Batting: RHB Dermott Kennelly
|
0-0: Ball 1-0: SINGLE (Groundball, 4MD, EV 103.8 MPH) Jose Vargas to third Runner from 3rd tries for Home, SAFE, throw by CF to home
|
|
Batting: LHB Angel Ruvalcaba
|
0-0: Called Strike 0-1: Foul Ball, location: 2F 0-2: Ball 1-2: Ball 2-2: Strikes out swinging
|
| Bottom of the 1st over - 3 runs, 3 hits, 0 errors, 1 left on base; Toledo 0 - Durham 3 |
| TOP OF THE 2ND |
|
Toledo Mud Hens batting - Pitching for Durham Bulls : RHP Ken Vandercook
|
|
Batting: LHB Jon Frederick
|
0-0: Called Strike 0-1: Ball 1-1: Foul Ball, location: 2F 1-2: Ground out 4-3 (Groundball, 4, EV 85.6 MPH)
|
|
Batting: RHB Dan Becvar
|
0-0: Ball 1-0: Fly out, F8 (Line Drive, 78M, EV 92.5 MPH)
|
|
Batting: RHB Willis Morales
|
0-0: Ball 1-0: Fly out, F8 (Flyball, 8LD, EV 100.0 MPH)
|
| Top of the 2nd over - 0 runs, 0 hits, 0 errors, 0 left on base; Toledo 0 - Durham 3 |
| BOTTOM OF THE 2ND |
|
Durham Bulls batting - Pitching for Toledo Mud Hens : RHP Mario Napoles
|
|
Batting: LHB Danny Hull
|
0-0: Swinging Strike 0-1: Ball 1-1: Swinging Strike 1-2: Foul Ball, location: 2F 1-2: Ball 2-2: Strikes out swinging
|
|
Batting: LHB Brian Hollinger
|
0-0: Ball 1-0: Foul Ball, location: 2F 1-1: DOUBLE (Flyball, 8LXD, EV 101.9 MPH)
|
|
Batting: LHB Jake Rheaume
|
0-0: Called Strike 0-1: Called Strike 0-2: Strikes out swinging
|
|
Batting: RHB Paul Landes
|
0-0: Ball 1-0: Called Strike 1-1: SINGLE (Groundball, 34D, EV 100.6 MPH) Brian Hollinger to third Runner from 3rd tries for Home, SAFE, throw by RF to home
|
|
Batting: LHB Davion Lewis
|
0-0: Ball 1-0: Ball 2-0: Ground out 4-3 (Groundball, 4D, EV 108.1 MPH)
|
| Bottom of the 2nd over - 1 run, 2 hits, 0 errors, 1 left on base; Toledo 0 - Durham 4 |
| TOP OF THE 3RD |
|
Toledo Mud Hens batting - Pitching for Durham Bulls : RHP Ken Vandercook
|
|
Batting: RHB Keith Hoffman
|
0-0: Called Strike 0-1: Ball 1-1: Swinging Strike 1-2: Ground out 5-3 (Groundball, 56S, EV 93.1 MPH)
|
|
Batting: RHB Luke Feeney
|
0-0: Ball 1-0: Called Strike 1-1: Ground out 5-3 (Groundball, 5, EV 83.1 MPH)
|
|
Batting: RHB J.J. Basil
|
0-0: Called Strike 0-1: Ball 1-1: Ball 2-1: Called Strike 2-2: Foul Ball, location: 2F 2-2: Fly out, F8 (Line Drive, 8RD, EV 92.5 MPH)
|
| Top of the 3rd over - 0 runs, 0 hits, 0 errors, 0 left on base; Toledo 0 - Durham 4 |
| BOTTOM OF THE 3RD |
|
Durham Bulls batting - Pitching for Toledo Mud Hens : RHP Mario Napoles
|
|
Batting: LHB Mario Ocana
|
0-0: Swinging Strike 0-1: Ground out U3 (Groundball, 34, EV 80.0 MPH)
|
|
Batting: SHB Jose Vargas
|
0-0: Ball 1-0: Called Strike 1-1: Swinging Strike 1-2: Strikes out swinging
|
|
Batting: RHB Dermott Kennelly
|
0-0: Swinging Strike 0-1: SINGLE (Groundball, 56S, EV 73.8 MPH) (infield hit)
|
|
Batting: LHB Angel Ruvalcaba
|
0-0: Called Strike 0-1: Ball 1-1: Ground out 4-3 (Groundball, 4, EV 85.6 MPH)
|
| Bottom of the 3rd over - 0 runs, 1 hit, 0 errors, 1 left on base; Toledo 0 - Durham 4 |
| TOP OF THE 4TH |
|
Toledo Mud Hens batting - Pitching for Durham Bulls : RHP Ken Vandercook
|
|
Batting: SHB Adam Weber
|
0-0: Called Strike 0-1: Called Strike 0-2: Ball 1-2: Ball 2-2: Ground out 5-3 (Groundball, 56, EV 105.0 MPH)
|
|
Batting: LHB Andy Schumacher
|
0-0: Foul Ball, location: 2F 0-1: Foul Ball, location: 2F 0-2: Ball 1-2: Ball 2-2: Ball 3-2: Foul Ball, location: 2F 3-2: SINGLE (Groundball, 4MD, EV 94.4 MPH)
|
|
Batting: LHB Bill Ford
|
0-0: Called Strike 0-1: Called Strike 0-2: SINGLE (Groundball, 6MS, EV 71.2 MPH) (infield hit) Andy Schumacher to second
|
|
Batting: LHB Jon Frederick
|
0-0: Called Strike 0-1: Ball 1-1: Fly out, F6 (Popup, 6MS, EV 65.6 MPH)
|
|
Batting: RHB Dan Becvar
|
0-0: Swinging Strike 0-1: Ball 1-1: Swinging Strike 1-2: Ball 2-2: Ball 3-2: Strikes out swinging
|
| Top of the 4th over - 0 runs, 2 hits, 0 errors, 2 left on base; Toledo 0 - Durham 4 |
| BOTTOM OF THE 4TH |
|
Durham Bulls batting - Pitching for Toledo Mud Hens : RHP Mario Napoles
|
|
Batting: LHB Danny Hull
|
0-0: Foul Ball, location: 2F 0-1: Swinging Strike 0-2: Strikes out swinging
|
|
Batting: LHB Brian Hollinger
|
0-0: Ball 1-0: Ball 2-0: Foul Ball, location: 2F 2-1: Ball 3-1: DOUBLE (Line Drive, 89M, EV 95.6 MPH) - OUT at third base trying to stretch hit.
|
|
Batting: LHB Jake Rheaume
|
0-0: Called Strike 0-1: Called Strike 0-2: Ball 1-2: SINGLE (Groundball, 56, EV 99.4 MPH)
|
|
Batting: RHB Paul Landes
|
0-0: Ball 1-0: Ball 2-0: Fielders Choice at 2nd, 5-4 (Groundball, 56, EV 86.9 MPH)
|
| Bottom of the 4th over - 0 runs, 2 hits, 0 errors, 1 left on base; Toledo 0 - Durham 4 |
| TOP OF THE 5TH |
|
Toledo Mud Hens batting - Pitching for Durham Bulls : RHP Ken Vandercook
|
|
Batting: RHB Willis Morales
|
0-0: Ball 1-0: Ball 2-0: Ground out U3 (Groundball, 3L, EV 89.4 MPH)
|
|
Batting: RHB Keith Hoffman
|
0-0: SINGLE (Line Drive, 34D, EV 98.8 MPH)
|
|
Batting: RHB Luke Feeney
|
0-0: Called Strike 0-1: Swinging Strike 0-2: Strikes out swinging
|
|
Batting: RHB J.J. Basil
|
0-0: Foul Ball, location: 2F 0-1: Called Strike 0-2: 2-RUN HOME RUN (Flyball, 78XD, EV 100.6 MPH), Distance : 391 ft
|
|
Batting: SHB Adam Weber
|
0-0: Ball 1-0: Swinging Strike 1-1: Foul Ball, location: 2F 1-2: Ball 2-2: Ball 3-2: Foul Ball, location: 2F 3-2: SINGLE (Groundball, 6S, EV 62.5 MPH) (infield hit)
|
|
Batting: LHB Andy Schumacher
|
0-0: Called Strike Adam Weber is caught stealing 2nd base 2-6
|
| Top of the 5th over - 2 runs, 3 hits, 0 errors, 0 left on base; Toledo 2 - Durham 4 |
| BOTTOM OF THE 5TH |
|
Durham Bulls batting - Pitching for Toledo Mud Hens : RHP Mario Napoles
|
|
Batting: LHB Davion Lewis
|
0-0: Foul Ball, location: 2F 0-1: Called Strike 0-2: Foul Ball, location: 2F 0-2: Ball 1-2: Foul Ball, location: 2F 1-2: Ball 2-2: Foul Ball, location: 2F 2-2: Foul Ball, location: 2F 2-2: Ground out 2-3 (Groundball, 13S, EV 67.5 MPH)
|
|
Batting: LHB Mario Ocana
|
0-0: Ball 1-0: Ball 2-0: Foul Ball, location: 2F 2-1: Foul Ball, location: 2F 2-2: Ball 3-2: Strikes out swinging
|
|
Batting: SHB Jose Vargas
|
0-0: Called Strike 0-1: Ground out 3-1 (Groundball, 34, EV 96.9 MPH)
|
| Bottom of the 5th over - 0 runs, 0 hits, 0 errors, 0 left on base; Toledo 2 - Durham 4 |
| TOP OF THE 6TH |
|
Toledo Mud Hens batting - Pitching for Durham Bulls : RHP Ken Vandercook
|
|
Batting: LHB Andy Schumacher
|
0-0: Called Strike 0-1: Fly out, F8 (Flyball, 8RM, EV 95.6 MPH)
|
|
Batting: LHB Bill Ford
|
0-0: Ball 1-0: Ball 2-0: Foul Ball, location: 2F 2-1: Fly out, F8 (Flyball, 8RD, EV 102.5 MPH)
|
|
Batting: LHB Jon Frederick
|
0-0: Called Strike 0-1: DOUBLE (Line Drive, 9LD, EV 108.8 MPH)
|
|
Batting: RHB Dan Becvar
|
0-0: Swinging Strike 0-1: Ball 1-1: Ball 2-1: Called Strike 2-2: Ball 3-2: Fly out, F5 (Popup, 5S, EV 81.9 MPH)
|
| Top of the 6th over - 0 runs, 1 hit, 0 errors, 1 left on base; Toledo 2 - Durham 4 |
| BOTTOM OF THE 6TH |
|
Durham Bulls batting - Pitching for Toledo Mud Hens : RHP Mario Napoles
|
|
Batting: RHB Dermott Kennelly
|
0-0: Ball 1-0: SOLO HOME RUN (Flyball, 8RXD, EV 107.5 MPH), Distance : 409 ft
|
|
Pitching: LHP John McRight
|
|
|
Batting: LHB Angel Ruvalcaba
|
0-0: Ground out 6-3 (Groundball, 6, EV 82.5 MPH)
|
|
Batting: LHB Danny Hull
|
0-0: Called Strike 0-1: Ball 1-1: Ball 2-1: Foul Ball, location: 2F 2-2: Ground out 6-3 (Groundball, 6, EV 81.2 MPH)
|
|
Batting: LHB Brian Hollinger
|
0-0: Foul Ball, location: 2F 0-1: Foul Ball, location: 2F 0-2: Ball 1-2: Strikes out swinging
|
| Bottom of the 6th over - 1 run, 1 hit, 0 errors, 0 left on base; Toledo 2 - Durham 5 |
| TOP OF THE 7TH |
|
Toledo Mud Hens batting - Pitching for Durham Bulls : RHP Ken Vandercook
|
|
Batting: RHB Willis Morales
|
0-0: Ball 1-0: Called Strike 1-1: Foul Ball, location: 2F 1-2: Foul Ball, location: 2F 1-2: Foul Ball, location: 2F 1-2: Ball 2-2: Foul Ball, location: 2F 2-2: Strikes out looking
|
|
Pitching: RHP Justin Stone
|
|
|
Batting: RHB Keith Hoffman
|
0-0: Called Strike 0-1: Ball 1-1: SINGLE (Groundball, 34D, EV 105.0 MPH)
|
|
Batting: RHB Luke Feeney
|
0-0: Called Strike 0-1: Swinging Strike 0-2: Ball 1-2: Ball 2-2: Foul Ball, location: 2F 2-2: Ball 3-2: Base on Balls Keith Hoffman to second
|
|
Batting: RHB J.J. Basil
|
0-0: Ball 1-0: Foul Ball, location: 2F 1-1: SINGLE (Groundball, 56S, EV 71.9 MPH) (infield hit) Keith Hoffman to third Luke Feeney to second
|
|
Batting: SHB Adam Weber
|
0-0: Foul Ball, location: 2F 0-1: Ball 1-1: Ball 2-1: Ball 3-1: SINGLE (Groundball, 4M, EV 107.5 MPH) Keith Hoffman scores Luke Feeney to third J.J. Basil to second
|
|
Batting: LHB Andy Schumacher
|
0-0: Ball 1-0: Ball 2-0: Ball 3-0: Called Strike 3-1: Foul Ball, location: 2F 3-2: Foul Ball, location: 2F 3-2: Base on Balls Luke Feeney scores J.J. Basil to third Adam Weber to second
|
|
Batting: LHB Bill Ford
|
0-0: Ball 1-0: Grounds into fielders choice 1-2 (Groundball, P, EV 71.2 MPH) Adam Weber to third Andy Schumacher to second
|
|
Batting: LHB Jon Frederick
|
0-0: Ball 1-0: Ball 2-0: Ball 3-0: Base on Balls Adam Weber scores Andy Schumacher to third Bill Ford to second
|
|
Batting: RHB Dan Becvar
|
0-0: Called Strike 0-1: Ball 1-1: Called Strike 1-2: Strikes out swinging
|
| Top of the 7th over - 3 runs, 3 hits, 0 errors, 3 left on base; Toledo 5 - Durham 5 |
| BOTTOM OF THE 7TH |
|
Durham Bulls batting - Pitching for Toledo Mud Hens : LHP John McRight
|
|
Batting: LHB Jake Rheaume
|
0-0: Ball 1-0: Ball 2-0: Ground out U3 (Groundball, 3, EV 105.0 MPH)
|
|
Batting: RHB Paul Landes
|
0-0: Ball 1-0: Ball 2-0: Ball 3-0: Base on Balls
|
|
Batting: LHB Davion Lewis
|
0-0: Called Strike 0-1: Foul Ball, location: 2F 0-2: Foul Ball, location: 2F 0-2: Ball 1-2: Foul Ball, location: 2F 1-2: SINGLE (Groundball, P, EV 86.9 MPH) (infield hit) Paul Landes to second
|
|
Pinch Hitting: SHB Brett McEwen
|
0-0: Hit by Pitch Paul Landes to third Davion Lewis to second
|
|
Batting: SHB Jose Vargas
|
0-0: Ball 1-0: Ball 2-0: SINGLE (Groundball, 56D, EV 101.2 MPH) Paul Landes scores Davion Lewis to third Brett McEwen to second
|
|
Batting: RHB Dermott Kennelly
|
0-0: Ball 1-0: Foul Ball, location: 2F 1-1: Ball 2-1: Foul Ball, location: 2F 2-2: Ball 3-2: Grounds into fielders choice 4-2 (Groundball, 13, EV 88.8 MPH) Brett McEwen to third Jose Vargas to second
|
|
Batting: LHB Angel Ruvalcaba
|
0-0: Foul Ball, location: 2F 0-1: Foul Ball, location: 2F 0-2: Strikes out swinging
|
| Bottom of the 7th over - 1 run, 2 hits, 0 errors, 3 left on base; Toledo 5 - Durham 6 |
| TOP OF THE 8TH |
|
Toledo Mud Hens batting - Pitching for Durham Bulls : RHP Justin Stone
|
|
Pitching: RHP Eric Hudson
|
|
|
Now at 3B: Devin Brown
|
|
|
Pinch Hitting: LHB Frank McConnell
|
0-0: SINGLE (Groundball, 3S, EV 63.8 MPH) (infield hit)
|
|
Batting: RHB Keith Hoffman
|
0-0: Sac Bunt to 3S - play at first, batter OUT! 3-4 Frank McConnell to second
|
|
Batting: RHB Luke Feeney
|
0-0: Foul Ball, location: 2F 0-1: Ball 1-1: Called Strike 1-2: Strikes out swinging
|
|
Batting: RHB J.J. Basil
|
0-0: Ball 1-0: Fly out, F8 (Flyball, 8RD, EV 108.8 MPH)
|
| Top of the 8th over - 0 runs, 1 hit, 0 errors, 1 left on base; Toledo 5 - Durham 6 |
| BOTTOM OF THE 8TH |
|
Durham Bulls batting - Pitching for Toledo Mud Hens : LHP John McRight
|
|
Pitching: LHP Edwin Pacheco
|
|
|
Now at 2B: Frank McConnell
|
|
|
Now at 3B: J.J. Basil
|
|
|
Batting: LHB Danny Hull
|
0-0: Called Strike 0-1: Swinging Strike 0-2: Ball 1-2: Foul Ball, location: 2F 1-2: Ball 2-2: Fly out, F6 (Line Drive, 4M, EV 70.6 MPH)
|
|
Batting: LHB Brian Hollinger
|
0-0: Called Strike 0-1: Ball 1-1: Ball 2-1: Swinging Strike 2-2: Foul Ball, location: 2F 2-2: Strikes out swinging
|
|
Batting: LHB Jake Rheaume
|
0-0: Ball 1-0: Foul Ball, location: 2F 1-1: Called Strike 1-2: Strikes out swinging, 2-3 out at first.
|
| Bottom of the 8th over - 0 runs, 0 hits, 0 errors, 0 left on base; Toledo 5 - Durham 6 |
| TOP OF THE 9TH |
|
Toledo Mud Hens batting - Pitching for Durham Bulls : RHP Eric Hudson
|
|
Batting: SHB Adam Weber
|
0-0: Ball 1-0: Ball 2-0: Ball 3-0: Called Strike 3-1: Base on Balls
|
|
Batting: LHB Andy Schumacher
|
0-0: Called Strike 0-1: Ball 1-1: Ball 2-1: Ball 3-1: Foul Ball, location: 2F 3-2: Strikes out looking
|
|
Batting: LHB Bill Ford
|
0-0: Ball 1-0: Swinging Strike 1-1: Foul Ball, location: 2F 1-2: Grounds into double play, 4-6-3 (Groundball, 4, EV 83.1 MPH)
|
| Top of the 9th over - 0 runs, 0 hits, 0 errors, 0 left on base; Toledo 5 - Durham 6 |
|